[Event "Early-Titled-Tuesday-Blitz-May-14-2024"]
[Site "Chess.com"]
[Date "2024.05.14"]
[Round "2"]
[White "ckgchess"]
[Black "RojonR"]
[Result "0-1"]
[WhiteElo "2855"]
[BlackElo "2612"]
[TimeControl "180+1"]
[EndTime "8:17:58 PDT"]
[Termination "RojonR won on time"]

1. e4 c5 2. c3 Nf6 3. e5 Nd5 4. d4 cxd4 5. Bc4 Nb6 6. Bb3 d5 7. cxd4 Bf5 8. g4 Bg6 9. Nc3 Nc6 10. Nge2 e6 11. h4 h6 12. Nf4 Bh7 13. Be3 Be7 14.
Nh5 Rg8 15. Bc2 Bxc2 16. Qxc2 Qd7 17. O-O-O O-O-O 18. b3 Kb8 19. Kb2 Bb4 20. a3 Bxc3+ 21. Qxc3 Rc8 22. Qd3 Na5 23. Bd2 Nac4+ 24. bxc4 dxc4 25.
Qf3 c3+ 26. Ka2 Qb5 27. Bxc3 Qc4+ 28. Ka1 Qb3 29. Rd3 Na4 30. Rc1 Rxc3 0-1

[Event "Early-Titled-Tuesday-Blitz-May-14-2024"]
[Site "Chess.com"]
[Date "2024.05.14"]
[Round "2"]
[White "ivana_999"]
[Black "KirAk47"]
[Result "0-1"]
[WhiteElo "1850"]
[BlackElo "2439"]
[TimeControl "180+1"]
[EndTime "8:17:58 PDT"]
[Termination "KirAk47 won by resignation"]

1. d4 d5 2. c4 c6 3. Nc3 Nf6 4. cxd5 cxd5 5. Bf4 Nc6 6. e3 a6 7. Bd3 Bg4 8. f3 Bh5 9. Nge2 e6 10. O-O Be7 11.
Rc1 O-O 12. Bg5 Bg6 13. Bxg6 hxg6 14. Nf4 Rc8 15. Nd3 Nd7 16. Bxe7 Qxe7 17. Na4 Nb4 18. Qb3 Nxd3 19. Qxd3 Qb4 20. Qa3 Qxa3 21. bxa3 b5 22.
Nc5 Nxc5 23. Rxc5 Rxc5 24. dxc5 Rc8 25. Rc1 Kf8 26. Kf2 Ke7 27. Ke2 Kd7 28. Kd3 Kc6 29. Kd4 Rh8 30. h3 Rh4+ 31. f4 g5 32. Ke5 gxf4 33.
exf4 Rh5+ 34. Kd4 f6 35. Re1 e5+ 36. fxe5 fxe5+ 37. Kd3 Kxc5 38. Rc1+ Kd6 39. Rc8 Rf5 40. Rd8+ Ke6 41. Ra8 Rf2 42. Rxa6+ Kf5 43. Rd6 Rxg2 44. Rxd5 Rxa2 45. Rxb5 Rxa3+ 46. Ke2 Rxh3 47. Rb7 g5 48. Rf7+ Ke4 49. Rg7 Rh2+ 50. Kf1 g4 51. Rxg4+ Kf3 52. Rg1 Ra2 0-1

[Event "Early-Titled-Tuesday-Blitz-May-14-2024"]
[Site "Chess.com"]
[Date "2024.05.14"]
[Round "2"]
[White "KononenkoD"]
[Black "AlmasRakhmatullaev"]
[Result "0-1"]
[WhiteElo "2604"]
[BlackElo "2893"]
[TimeControl "180+1"]
[EndTime "8:17:59 PDT"]
[Termination "AlmasRakhmatullaev won by checkmate"]

1. d4 d5 2. c4 c6 3. cxd5 cxd5 4. Bf4 Nc6 5. e3 Nf6 6. Nc3 a6 7. Be2 Bf5 8. g4 Be6 9. Rc1 Rc8 10. h3 g6 11. Nf3 h5 12. g5 Ne4 13. Nxe4 dxe4 14. Ne5 Bd5 15. O-O Bg7 16. Nxc6 Bxc6 17. d5 Bd7 18. Qb3 b5 19. h4 O-O 20. Qa3 a5 21.
Rxc8 Bxc8 22. Bxb5 Qxd5 23. Qxa5 Bh3 24. Re1 Qf5 25. Bg3 Bxb2 26. Qb4 Be5 27. Bf1 Bxg3 28. fxg3 Qg4 29. Bxh3 Qxh3 30. Qxe4 Qxg3+ 31. Kf1 Rd8 32. Qf4 Qh3+ 33. Kg1 Rd2 34. Qb8+ Kh7 35. Qf4 Qg2# 0-1

[Event "Early-Titled-Tuesday-Blitz-May-14-2024"]
[Site "Chess.com"]
[Date "2024.05.14"]
[Round "2"]
[White "Mops_2004"]
[Black "slorovel"]
[Result "1-0"]
[WhiteElo "2820"]
[BlackElo "2561"]
[TimeControl "180+1"]
[EndTime "8:18:00 PDT"]
[Termination "Mops_2004 won by checkmate"]

1. g3 g6 2. Bg2 Bg7 3. d4 d5 4.
Nf3 Nh6 5. h4 Bg4 6. h5 Bxh5 7.
Bxh6 Bxh6 8. g4 Bxg4 9. Rxh6 Nc6 10. c3 Bxf3 11. Bxf3 e6 12. Qd2 Qf6 13. Na3 O-O-O 14.
O-O-O Ne7 15. Rdh1 Qg7 16. e4 dxe4 17. Bxe4 Kb8 18.
Qf4 Nd5 19. Qh4 Nf6 20. Bf3 a6 21. Nc4 Ka7 22. Na5 c6 23. Bxc6 bxc6 24. Nxc6+ Kb6 25.
Nxd8 Rxd8 26. Qg3 Rd5 27. Qb8+ Kc6 28. R6h4 g5 29. Rh6 Rf5 30. a4 g4 31. a5 Qg5+ 32. Kb1 Rxa5 33. Qc8+ Kb5 34. Qb7+ Kc4 35. Qb4+ Kd3 36.
Qb3 Ke4 37. Re1+ Kf3 38. Qd1+ Kg2 39. Rg1+ Kxf2 40. Qe1+ Kf3 41. Rf1+ Kg2 42. Qf2# 1-0

[Event "Early-Titled-Tuesday-Blitz-May-14-2024"]
[Site "Chess.com"]
[Date "2024.05.14"]
[Round "2"]
[White "Sosat98"]
[Black "SuperJesus88"]
[Result "0-1"]
[WhiteElo "2758"]
[BlackElo "2521"]
[TimeControl "180+1"]
[EndTime "8:18:00 PDT"]
[Termination "SuperJesus88 won by checkmate"]

1. e4 d6 2. d4 Nf6 3. Nc3 e5 4. Nge2 Be7 5. h3 O-O 6. g4 c6 7. a4 a5 8. Bg2 Na6 9. O-O Nb4 10. Be3 exd4 11. Nxd4 d5 12. e5 Nd7 13. f4 c5 14.
e6 Nb6 15. Nf5 d4 16. Nb5 Bxe6 17. Nxe7+ Qxe7 18. Bf2 Bd5 19. c3 Bxg2 20. Re1 Qf6 21. cxb4 Bc6 22. bxc5 Nd5 23. f5 Nf4 24. Kh2 Qh6 25. h4 d3 26. Qd2 g5 27. Bg3 Rae8 28. Nd6 Re2+ 29. Rxe2 dxe2 30. Re1 Rd8 31. Bxf4 Qxh4+ 32. Kg1 Qh1+ 33. Kf2 Qf3+ 34. Kg1 Qg2# 0-1

[Event "Early-Titled-Tuesday-Blitz-May-14-2024"]
[Site "Chess.com"]
[Date "2024.05.14"]
[Round "2"]
[White "GMAneta"]
[Black "sokidze"]
[Result "0-1"]
[WhiteElo "2559"]
[BlackElo "2805"]
[TimeControl "180+1"]
[EndTime "8:18:01 PDT"]
[Termination "sokidze won on time"]

1. d4 d5 2. Nf3 Nf6 3. c4 e6 4.
Nc3 a6 5. cxd5 exd5 6. Bg5 Be6 7.
Qc2 Bd6 8. e3 Nbd7 9. Bd3 c6 10.
O-O Qc7 11. Rfc1 Bg4 12. h3 Bxf3 13. gxf3 h6 14. Bxf6 Nxf6 15. Rab1 Kf8 16. b4 Qd7 17. Kg2 Bc7 18. a4 Qd6 19. Rg1 Qh2+ 20. Kf1 Re8 21. Bf5 g6 22. Bxg6 fxg6 23. Qxg6 Ke7 24. Qg7+ Ke6 25.
f4 Rhg8 26. Qxc7 Rxg1+ 27. Ke2 Rxb1 28. Qe5+ Kf7 29. Qc7+ Re7 0-1

[Event "Early-Titled-Tuesday-Blitz-May-14-2024"]
[Site "Chess.com"]
[Date "2024.05.14"]
[Round "2"]
[White "BillCoe"]
[Black "ravengelic"]
[Result "1/2-1/2"]
[WhiteElo "2180"]
[BlackElo "2679"]
[TimeControl "180+1"]
[EndTime "8:18:01 PDT"]
[Termination "Game drawn by repetition"]

1. e4 c5 2. Nf3 g6 3. d4 cxd4 4.
Nxd4 Bg7 5. Be3 Nc6 6. Nc3 Nf6 7.
f3 O-O 8. Qd2 d5 9. exd5 Nxd5 10.
Nxd5 Qxd5 11. Nxc6 bxc6 12. Qxd5 cxd5 13. c3 Rb8 14.
Bc1 d4 15. cxd4 Bxd4 16. Bd3 Bxb2 17. Bxb2 Rxb2 18. O-O Rd8 19. Rfd1 Be6 20. a4 a5 21. Bb5 Rc8 22. Rac1 Rxc1 23. Rxc1 h5 24. Rc7 Bd5 25. Rxe7 h4 26. h3 Kg7 27. Ra7 Rb1+ 28. Kf2 Rb2+ 29. Kg1 Kf6 30. Rxa5 Rb1+ 31. Kf2 Rb2+ 32. Kf1 Ra2 33. Kg1 g5 34. Bd3 Bb3 35. Rf5+ Ke6 36. Rxg5 Rxa4 37. Rg4 Rxg4 38. hxg4 Ke5 39. Bf5 Kf4 40.
Kf2 f6 41. Bd7 Bc4 42. Bc8 Bd3 43. Bd7 Bc4 44. Bc8 Bb5 45. Be6 Ba6 46. Bd7 Bb7 47.
Be6 Bc6 48. Bc8 Bd5 49. Bd7 Bc4 1/2-1/2

[Event "Early-Titled-Tuesday-Blitz-May-14-2024"]
[Site "Chess.com"]
[Date "2024.05.14"]
[Round "2"]
[White "jaskol95"]
[Black "dinushkipremanath"]
[Result "0-1"]
[WhiteElo "2526"]
[BlackElo "1979"]
[TimeControl "180+1"]
[EndTime "8:18:01 PDT"]
[Termination "dinushkipremanath won on time"]

1. e4 e6 2. d4 d5 3. Nc3 Nf6 4. e5 Nfd7 5. f4 c5 6. Nf3 Nc6 7. Be3 a6 8. Qd2 b5 9. dxc5 Bxc5 10.
Bxc5 Nxc5 11. Nd4 Bb7 12. Nxc6 Bxc6 13. Qd4 Qb6 14. Be2 b4 15. Nd1 Nd7 16. Qxb6 Nxb6 17. O-O Na4 18. a3 bxa3 19. Rxa3 O-O 20. b3 Nc5 21. Nf2 Bb5 22. Bxb5 axb5 23. Rfa1 Rxa3 24. Rxa3 Rb8 25. Kf1 h6 26. Ke2 g5 27. g3 Kg7 28.
Ke3 Kg6 29. Kd4 Rc8 30. Ra5 Nd7 31. c3 Rb8 32. Nd3 Kf5 33. Ra7 Rd8 34. Rb7 gxf4 35.
gxf4 f6 36. Rxb5 fxe5+ 37. fxe5 Rg8 38. Rb7 Rg4+ 39. Ke3 Nxe5 40. Rh7 Rh4 41. Nxe5 Kxe5 42. b4 Rh3+ 43. Kd2 Rxh2+ 44. Kd3 Rh3+ 45. Kc2 d4 46. c4 Rc3+ 47. Kb2 Rxc4 48. Kb3 Rc3+ 49. Ka4 d3 50. Rxh6 d2 51. Rh5+ Kd6 52. Rh8 Rc7 53. Rh1 Rc1 54.
Rh8 d1=Q+ 55. Ka5 Ra1+ 0-1

[Event "Early-Titled-Tuesday-Blitz-May-14-2024"]
[Site "Chess.com"]
[Date "2024.05.14"]
[Round "2"]
[White "KanalSzachowy"]
[Black "nrvisakh"]
[Result "0-1"]
[WhiteElo "2429"]
[BlackElo "2921"]
[TimeControl "180+1"]
[EndTime "8:18:02 PDT"]
[Termination "nrvisakh won on time"]

1. e4 g6 2. d4 Bg7 3. Nc3 d6 4. f4 Nf6 5. Nf3 O-O 6. Bd3 c5 7. dxc5 dxc5 8. O-O Bg4 9. Be3 Nfd7 10. h3 Bxf3 11.
Qxf3 Nc6 12. Rad1 Nd4 13. Qf2 e6 14. e5 f6 15. Bxd4 cxd4 16. Qxd4 fxe5 17. Qc4 Qb6+ 18. Kh1 Rac8 19. Qe4 Nc5 20. Qe2 Qxb2 21. Ne4 Nxd3 22.
Qxd3 Qxc2 23. Qxc2 Rxc2 24. fxe5 Rxf1+ 25. Rxf1 Bxe5 26. Rd1 Re2 27. Ng5 Bf6 28. Nf3 e5 29. Rd7 e4 30. Ng1 Re1 31. Rxb7 Bd4 32. Rb8+ Kg7 0-1

[Event "Early-Titled-Tuesday-Blitz-May-14-2024"]
[Site "Chess.com"]
[Date "2024.05.14"]
[Round "2"]
[White "ElCoachRene"]
[Black "IvanMorovic"]
[Result "0-1"]
[WhiteElo "1891"]
[BlackElo "2457"]
[TimeControl "180+1"]
[EndTime "8:18:03 PDT"]
[Termination "IvanMorovic won on time"]

1. Nf3 d5 2. d4 c5 3. e3 e6 4. c3 Nf6 5. Nbd2 Be7 6. Bd3 Nbd7 7. O-O b6 8. e4 dxe4 9. Nxe4 Bb7 10. Re1 O-O 11.
Qe2 Qc7 12. Bg5 Rfe8 13. Bh4 Nxe4 14. Bxe4 Bxh4 15. Nxh4 Bxe4 16. Qxe4 Rad8 17. Nf3 Nf6 18. Qh4 cxd4 19. Nxd4 Rd5 20. h3 Red8 21. Nf3 R5d6 22. a4 Qc5 23. Qf4 h6 24. Re5 Rd1+ 25. Re1 Rxa1 26. Rxa1 Qd5 27. Qc7 Rd7 28. Qb8+ Kh7 29. Qc8 Ne4 30. a5 bxa5 31. Qa6 Qc5 32. Qe2 f5 33. Nd4 Qb6 34. f3 e5 35. fxe4 exd4 36. cxd4 Qxd4+ 37. Kh1 Qe5 38. Qa6 fxe4 39. Rxa5 Rd1+ 0-1

[Event "Early-Titled-Tuesday-Blitz-May-14-2024"]
[Site "Chess.com"]
[Date "2024.05.14"]
[Round "2"]
[White "hikaruchija"]
[Black "ab-lsv"]
[Result "1-0"]
[WhiteElo "2594"]
[BlackElo "2357"]
[TimeControl "180+1"]
[EndTime "8:18:04 PDT"]
[Termination "hikaruchija won by checkmate"]

1. e4 c6 2. d4 d5 3. Nd2 dxe4 4. Nxe4 Nf6 5. Nxf6+ exf6 6. c3 Bd6 7. Bd3 O-O 8. Ne2 Re8 9. Be3 Nd7 10. Qc2 Nf8 11.
O-O-O Be6 12. Kb1 b5 13. Nf4 Bxf4 14. Bxf4 a5 15. h4 a4 16. a3 Qd5 17. Rdg1 Qa2+ 18.
Kc1 Bc4 19. g4 Re6 20. g5 f5 21. Be5 Bxd3 22. Qxd3 Nd7 23. f4 Nb6 24. Qxf5 Nc4 25. Qb1 Qb3 26. Qc2 Qa2 27. h5 Rd8 28. g6 f6 29. gxh7+ Kh8 30. h6 g5 31. fxg5 Qa1+ 32.
Qb1 Qxb1+ 33. Kxb1 fxe5 34. g6 exd4 35. cxd4 Nd6 36.
Rh5 Ne8 37. g7+ Nxg7 38. hxg7# 1-0

[Event "Early-Titled-Tuesday-Blitz-May-14-2024"]
[Site "Chess.com"]
[Date "2024.05.14"]
[Round "2"]
[White "amanjazu"]
[Black "MAGMAchess02"]
[Result "1-0"]
[WhiteElo "2529"]
[BlackElo "2279"]
[TimeControl "180+1"]
[EndTime "8:18:04 PDT"]
[Termination "amanjazu won on time"]

1. g3 c5 2. Bg2 Nf6 3. c4 Nc6 4. Nc3 g6 5. e3 Bg7 6. Nge2 O-O 7.
O-O e6 8. d4 cxd4 9. exd4 d5 10. cxd5 Nxd5 11. Nxd5 exd5 12. Be3 Re8 13. Qd2 Bg4 14. Nf4 Re4 15. h3 Bf5 16. g4 Be6 17. Bxe4 dxe4 18. Rfd1 Bc4 19. b3 Ba6 20. Rac1 Qh4 21.
f3 Rd8 22. Qf2 Qe7 23. d5 Ne5 24. fxe4 g5 25. Nh5 Nd3 26. Rxd3 Bxd3 27. Nxg7 Kxg7 28.
Bd4+ f6 29. Rc7 Qxc7 30. Qxf6+ Kg8 31. Qh8+ Kf7 32. Qxh7+ Ke8 33. Qxc7 1-0

[Event "Early-Titled-Tuesday-Blitz-May-14-2024"]
[Site "Chess.com"]
[Date "2024.05.14"]
[Round "2"]
[White "ViIIagra"]
[Black "Semetey"]
[Result "1-0"]
[WhiteElo "2846"]
[BlackElo "2585"]
[TimeControl "180+1"]
[EndTime "8:18:06 PDT"]
[Termination "ViIIagra won on time"]

1. b3 c5 2. Bb2 d5 3. e3 a6 4. Nf3 Nc6 5. Be2 Bg4 6. O-O Nf6 7. c4 e6 8. Nc3 Be7 9. Rc1 O-O 10. cxd5 exd5 11. d4 Bxf3 12. Bxf3 cxd4 13. exd4 Re8 14. Re1 Qd7 15. Na4 Rad8 16. Qd3 Bb4 17. Nc5 Bxc5 18. dxc5 Ne4 19. Red1 Qf5 20. a3 h5 21. b4 g5 22.
Bxe4 dxe4 23. Qc3 f6 24. Qb3+ Kg7 25. h3 Kg6 26. a4 Rd7 27. b5 axb5 28. axb5 Ne7 29.
Rxd7 Qxd7 30. Rd1 Qc7 31. Rd6 Ng8 32. Qd5 Re7 33. Bd4 Rf7 34. b6 Qe7 35. c6 bxc6 36. Rxc6 Qa3 37. Kh2 Qd3 38. Rc7 Rxc7 39. bxc7 Qc2 40.
Qxg8+ Kf5 41. c8=Q+ Kf4 42. Qxc2 1-0

[Event "Early-Titled-Tuesday-Blitz-May-14-2024"]
[Site "Chess.com"]
[Date "2024.05.14"]
[Round "2"]
[White "Mikhail_Golubev"]
[Black "alvarorodriguezavila"]
[Result "1-0"]
[WhiteElo "2548"]
[BlackElo "2328"]
[TimeControl "180+1"]
[EndTime "8:18:06 PDT"]
[Termination "Mikhail_Golubev won on time"]

1. e4 c5 2. Nf3 g6 3. d4 c4 4. Bxc4 Bg7 5. O-O e6 6. Nc3 Ne7 7. Bf4 O-O 8. Bd6 Re8 9. Qd2 b6 10. Nb5 Na6 11. Qf4 Bb7 12. a4 Rc8 13. Bb3 Nc6 14. c3 Na5 15. Ba2 Nc4 16. Bxc4 Rxc4 17. Ne5 Rc8 18. Qxf7+ Kh8 19. Rae1 Bc6 20. Nxa7 Ra8 21.
Naxc6 dxc6 22. Qb7 Kg8 23. Ba3 Bxe5 24. dxe5 c5 25. Rd1 Qc8 26. Rd7 Qxb7 27. Rxb7 Reb8 28. Rxb8+ Rxb8 29. Rd1 Rb7 30. Rd6 Nc7 31. Rd7 Kf8 32. Kf1 Ke8 33. Rxh7 Kd8 34. Ke2 Kc8 35. h4 1-0

[Event "Early-Titled-Tuesday-Blitz-May-14-2024"]
[Site "Chess.com"]
[Date "2024.05.14"]
[Round "2"]
[White "NCchamp"]
[Black "komogro"]
[Result "0-1"]
[WhiteElo "2307"]
[BlackElo "2537"]
[TimeControl "180+1"]
[EndTime "8:18:08 PDT"]
[Termination "komogro won by checkmate"]

1. d4 Nf6 2. Bg5 d5 3. e3 c5 4.
Nc3 cxd4 5. exd4 Nc6 6. Nf3 Bg4 7.
Be2 Bxf3 8. Bxf3 e6 9. Ne2 Bd6 10. c3 h6 11. Bh4 g5 12. Bg3 g4 13. Qb3 gxf3 14. Qxb7 fxe2 15. Qxc6+ Ke7 16. Bh4 Qc7 17. Qa6 Rhg8 18. Qxe2 Rxg2 19. Qf3 Rg6 20. Ke2 Bf4 21. Rhg1 Rag8 22. Rxg6 Rxg6 23. a4 Bxh2 24. Rh1 Qf4 25. Bxf6+ Rxf6 26. Qg2 Qf5 27. Qxh2 Qc2+ 28. Ke3 Qxb2 29.
Qc7+ Kf8 30. Qd8+ Kg7 31. Rh2 Qxc3+ 32. Ke2 Qc2+ 33. Ke1 Qe4+ 34. Kf1 Rg6 35. f3 Qxf3+ 36. Rf2 Qd3+ 37. Ke1 Rg1+ 38. Rf1 Rxf1# 0-1

[Event "Early-Titled-Tuesday-Blitz-May-14-2024"]
[Site "Chess.com"]
[Date "2024.05.14"]
[Round "2"]
[White "chessdjw"]
[Black "TimGrutter03"]
[Result "0-1"]
[WhiteElo "2779"]
[BlackElo "2569"]
[TimeControl "180+1"]
[EndTime "8:18:09 PDT"]
[Termination "TimGrutter03 won by resignation"]

1. e4 c6 2. d4 d5 3. exd5 cxd5 4. Bd3 Qc7 5. h3 Nc6 6. Nf3 g6 7. O-O Bg7 8. Re1 Bf5 9. Bxf5 gxf5 10. c4 dxc4 11. Qa4 O-O-O 12. Nc3 a6 13. d5 Ne5 14. Nxe5 Bxe5 15. Bg5 Nf6 16. Rac1 Rhg8 17. Ne2 b5 18.
Qxa6+ Qb7 19. Qxb7+ Kxb7 20. Bxf6 Bxf6 21. Nf4 Bg5 22.
Rcd1 Bxf4 23. Rxe7+ Kb6 24. Rxf7 Be5 25. b3 c3 26.
Rxf5 Rge8 27. b4 c2 28. Rc1 Rc8 29. g3 Bb2 30. Rxc2 Rxc2 31. Rh5 Bd4 32. Rh6+ Kc7 33. Rxh7+ Kd6 34. Rf7 Ree2 35. h4 Rxf2 36. Rxf2 Rxf2 37.
h5 Rxa2+ 38. Kf1 Rf2+ 39. Ke1 Rh2 40. g4 Kxd5 41. Kf1 Rh4 42. g5 Rxh5 43. Kg2 Rxg5+ 44. Kh1 Kc4 45. Kh2 Kxb4 46. Kh3 Bf6 47. Kh4 Kc4 48. Kh3 b4 0-1

[Event "Early-Titled-Tuesday-Blitz-May-14-2024"]
[Site "Chess.com"]
[Date "2024.05.14"]
[Round "2"]
[White "jk13"]
[Black "Chessdude1987"]
[Result "1-0"]
[WhiteElo "2635"]
[BlackElo "2376"]
[TimeControl "180+1"]
[EndTime "8:18:09 PDT"]
[Termination "jk13 won on time"]

1. e4 e6 2. d3 c5 3. Nf3 Nc6 4. g3 g6 5. Bg5 f6 6. Be3 d6 7. Bg2 Bg7 8. O-O e5 9. c3 Nge7 10. d4 cxd4 11. cxd4 f5 12. dxe5 Nxe5 13. Nc3 O-O 14.
Nd4 Kh8 15. Qb3 Ng4 16. Nc2 Nxe3 17. Nxe3 f4 18. Ned5 f3 19. Bh1 Nc6 20. Rad1 Bh3 21. Rfe1 Qd7 22. Qa4 Rae8 23. Re3 Ne5 24. Qxa7 Qg4 25.
Qxb7 Qh5 26. Qb5 Bh6 27. Rde1 Bxe3 28. Rxe3 Bg2 29. Bxg2 fxg2 30. Nf4 Nf3+ 31. Kxg2 Rxf4 32. Qxh5 gxh5 33. gxf4 Nh4+ 34. Kf1 Ng6 35. f5 Nf4 36. Rf3 1-0

[Event "Early-Titled-Tuesday-Blitz-May-14-2024"]
[Site "Chess.com"]
[Date "2024.05.14"]
[Round "2"]
[White "maracayo"]
[Black "Evan_Attaker"]
[Result "0-1"]
[WhiteElo "2376"]
[BlackElo "2633"]
[TimeControl "180+1"]
[EndTime "8:18:09 PDT"]
[Termination "Evan_Attaker won by resignation"]

1. e4 d6 2. Nf3 g6 3. d3 Bg7 4. Nbd2 c5 5. h3 Nc6 6. c3 e6 7. Be2 Nge7 8. O-O O-O 9. Re1 b5 10. Nb3 b4 11. d4 bxc3 12. bxc3 cxd4 13. cxd4 Na5 14. Be3 Bb7 15. Nfd2 Nec6 16. Rb1 Nxb3 17. Qxb3 Rb8 18. Qa4 Qa5 19. Qxa5 Nxa5 20. d5 exd5 21. Bxa7 Ra8 22. Bb6 Bc6 23. Rec1 Bd7 24. exd5 Bf5 25. Rb5 Nb7 26. Be3 Nc5 27. Bc4 Nd3 28. Rf1 Ne5 29. g4 Nxc4 30. Nxc4 Bd3 31. Rc1 Ra4 32. Nb2 Bxb5 33.
Nxa4 Bxa4 34. Rc7 Ra8 35. Ra7 Rxa7 36. Bxa7 Be5 37. Kg2 Bc2 38. Kf3 f5 39. gxf5 gxf5 40. Ke3 Be4 41. f4 Bf6 42. Bb8 Bxd5 43. Bxd6 Bxa2 44.
Bc5 Kf7 0-1

[Event "Early-Titled-Tuesday-Blitz-May-14-2024"]
[Site "Chess.com"]
[Date "2024.05.14"]
[Round "2"]
[White "brother-bear"]
[Black "SaiHanThiha"]
[Result "0-1"]
[WhiteElo "2049"]
[BlackElo "2458"]
[TimeControl "180+1"]
[EndTime "8:18:09 PDT"]
[Termination "SaiHanThiha won on time"]

1. e4 c6 2. d4 d5 3. e5 c5 4.
dxc5 e6 5. a3 Bxc5 6. b4 Be7 7.
Bb2 Nd7 8. Qg4 g5 9. Qh5 a5 10.
b5 Qc7 11. Bd3 Nxe5 12. Nf3 Nf6 13. Qxg5 Nxf3+ 14. gxf3 Rg8 15. Qe3 a4 16. Nd2 Bd7 17.
O-O-O O-O-O 18. Rhe1 b6 19. Kb1 Qc5 20. Bd4 Qxa3 21. Bxb6 Kb7 22. Ba7 Ka8 23. b6 Rb8 24. Bxb8 Rxb8 25. Ba6 Qd6 26. b7+ Rxb7+ 27. Bxb7+ Kxb7 0-1

[Event "Early-Titled-Tuesday-Blitz-May-14-2024"]
[Site "Chess.com"]
[Date "2024.05.14"]
[Round "2"]
[White "Casablanca"]
[Black "Quattroporte300"]
[Result "1-0"]
[WhiteElo "2718"]
[BlackElo "2400"]
[TimeControl "180+1"]
[EndTime "8:18:10 PDT"]
[Termination "Casablanca won by checkmate"]

1. c4 c5 2. Nf3 Nc6 3. d4 cxd4 4. Nxd4 e5 5. Nb5 d6 6. N1c3 a6 7. Na3 f5 8. g3 Nf6 9. Bg2 Be7 10. O-O O-O 11. Nc2 Be6 12. Ne3 Rc8 13. Ned5 e4 14. b3 Ne5 15. f4 Nc6 16. Be3 h6 17. Qd2 Kh7 18. Rad1 Ng4 19. Bb6 Qd7 20. h3 Nf6 21.
Nxe7 Qxe7 22. Qxd6 Nh5 23. Kh2 Qf7 24. Na4 Qg6 25.
Bf2 Rfd8 26. Qc5 Nd4 27. Qe7 Rd7 28. Qh4 Nxe2 29. Nc5 Rxd1 30. Rxd1 Bf7 31. Nd7 Re8 32.
Ne5 Qf6 33. Qxf6 gxf6 34. Nxf7 Rg8 35. g4 fxg4 36. Bxe4+ Kg7 37. Rd7 Nhxf4 38. Nd6+ Kf8 39. Rf7# 1-0

[Event "Early-Titled-Tuesday-Blitz-May-14-2024"]
[Site "Chess.com"]
[Date "2024.05.14"]
[Round "2"]
[White "CristianS27"]
[Black "Shiner22"]
[Result "1-0"]
[WhiteElo "2529"]
[BlackElo "2290"]
[TimeControl "180+1"]
[EndTime "8:18:10 PDT"]
[Termination "CristianS27 won on time"]

1. e4 c5 2. Nf3 Nc6 3. d4 cxd4 4. Nxd4 e5 5. Nb5 a6 6. Nd6+ Bxd6 7. Qxd6 Qf6 8. Qxf6 Nxf6 9. Nc3 Nb4 10. Bd3 d5 11. exd5 Nbxd5 12. Nxd5 Nxd5 13. Bd2 Be6 14. O-O-O O-O-O 15. Rhe1 f6 16. h3 Rhe8 17. Bxh7 b6 18. b3 b5 19. Ba5 Rd7 20. Bg6 Ree7 21. Kb2 Nf4 22. Be4 Rxd1 23. Rxd1 Rd7 24. Rxd7 Bxd7 25. Bd2 f5 26.
Bxf4 fxe4 27. Bxe5 g6 28. Kc3 Bc6 29. g3 Kd7 30.
Kd4 Ke6 31. Bf4 Kf5 32. Kc5 Bd7 33. Kb6 Bc8 34. Kc7 Be6 35. Kb6 Bc8 36. c4 bxc4 37. bxc4 g5 38. Be3 Be6 39. c5 Bxa2 40. c6 Be6 41.
Kxa6 Ke5 42. Kb7 Bxh3 43. Bxg5 Kd6 44. c7 1-0

[Event "Early-Titled-Tuesday-Blitz-May-14-2024"]
[Site "Chess.com"]
[Date "2024.05.14"]
[Round "2"]
[White "Kirill_Klukin"]
[Black "yaguigor"]
[Result "0-1"]
[WhiteElo "2814"]
[BlackElo "2585"]
[TimeControl "180+1"]
[EndTime "8:18:11 PDT"]
[Termination "yaguigor won on time"]

1. d4 d5 2. c4 c6 3. Nf3 Nf6 4. Nc3 e6 5. e3 Nbd7 6. Qc2 Bd6 7.
Bd3 O-O 8. O-O dxc4 9. Bxc4 b5 10. Be2 a6 11. Rd1 Qc7 12. e4 e5 13. h3 Re8 14. a3 Bb7 15. dxe5 Nxe5 16. Nd4 Ng6 17. Bg5 Bh2+ 18. Kh1 Be5 19. Nf3 Bxc3 20. bxc3 Nxe4 21. Be3 c5 22. a4 Ng3+ 23. fxg3 Rxe3 24. axb5 axb5 25. Rxa8+ Bxa8 26. Qd2 Re8 27. Bxb5 Rb8 28. Bc4 Bxf3 29. gxf3 Qxg3 30. Qd5 Qxh3+ 31. Kg1 Qg3+ 32. Kf1 Kh8 33. Qf5 Nf4 34. Qe5 Qxf3+ 35. Ke1 Ng2+ 36.
Kd2 Rd8+ 0-1

[Event "Early-Titled-Tuesday-Blitz-May-14-2024"]
[Site "Chess.com"]
[Date "2024.05.14"]
[Round "2"]
[White "vaishali2001"]
[Black "Blitz_Lover1"]
[Result "0-1"]
[WhiteElo "2675"]
[BlackElo "2331"]
[TimeControl "180+1"]
[EndTime "8:18:11 PDT"]
[Termination "Blitz_Lover1 won on time"]

1. e4 c5 2. Nf3 Nc6 3. Bc4 e6 4.
O-O d5 5. Bb5 dxe4 6. Ne5 Bd7 7.
Bxc6 Bxc6 8. Nxc6 bxc6 9. Nc3 Nf6 10. f3 exf3 11. Qxf3 Be7 12. d3 O-O 13. Qxc6 Rc8 14. Qf3 c4 15. dxc4 Rxc4 16. Be3 Bc5 17. Bxc5 Rxc5 18.
Kh1 Qb8 19. b3 Qc7 20. Ne4 Nxe4 21. Qxe4 Rxc2 22. a4 Rc3 23. b4 Rc4 24. Qe1 e5 25. b5 e4 26. Rc1 Rxc1 27. Qxc1 Qe5 28. Qe3 f5 29. Qxa7 e3 30. Re1 f4 31. Qb7 Qc3 32.
Qd5+ Kh8 33. Rg1 e2 34. Qe4 Qe3 35. Qb1 f3 36. b6 f2 0-1

[Event "Early-Titled-Tuesday-Blitz-May-14-2024"]
[Site "Chess.com"]
[Date "2024.05.14"]
[Round "2"]
[White "Franmu14"]
[Black "kleinebeer98"]
[Result "1-0"]
[WhiteElo "2667"]
[BlackElo "2975"]
[TimeControl "180+1"]
[EndTime "8:18:14 PDT"]
[Termination "Franmu14 won by resignation"]

1. e4 e5 2. Nf3 Nc6 3. Nc3 Nf6 4. Bb5 Bd6 5. Bxc6 dxc6 6. d3 h6 7. h3 Be6 8. Be3 Qd7 9. Ne2 c5 10. Qd2 O-O-O 11. b3 b6 12. Qc3 Rhe8 13. Nxe5 Bxe5 14. Qxe5 Bxb3 15. Qc3 Ba4 16. O-O Qc6 17. Ng3 c4 18. Rfc1 Bb5 19. a4 Ba6 20. a5 Kb7 21. axb6 axb6 22. Nf5 g6 23. Nd4 Rxd4 24. Bxd4 Nh5 25. Be3 Bb5 26. Qa3 Rb8 27. f3 f5 28. Rcb1 Nf6 29.
Qb4 Ba6 30. Ra3 g5 31. Rba1 Ra8 32. Qc3 g4 33. hxg4 fxg4 34. f4 g3 35. Qb2 Ng4 36. Bd4 Qe8 37. Kf1 cxd3 38. cxd3 Qxe4 39. Kg1 Qxf4 40.
Ra4 Nf2 41. Bxf2 gxf2+ 42. Qxf2 Qd6 43. Qf3+ c6 44. Qf7+ Kb8 45. Rxa6 Qd4+ 46. Qf2 Qxa1+ 47. Rxa1 Rxa1+ 48. Kh2 Rb1 49. Qf8+ Kb7 50. Qxh6 b5 51. Qg7+ Ka6 52. Qd7 Kb6 53. Qd4+ Kb7 54. g4 b4 55. g5 b3 56. g6 b2 57. g7 Rh1+ 58. Kxh1 b1=Q+ 59.
Kg2 Qb2+ 60. Qxb2+ 1-0

[Event "Early-Titled-Tuesday-Blitz-May-14-2024"]
[Site "Chess.com"]
[Date "2024.05.14"]
[Round "2"]
[White "patzer-reloaded"]
[Black "FREDERICKtheMATE"]
[Result "0-1"]
[WhiteElo "2391"]
[BlackElo "2683"]
[TimeControl "180+1"]
[EndTime "8:18:14 PDT"]
[Termination "FREDERICKtheMATE won on time"]

1. d3 Nf6 2. Nf3 d5 3. g3 g6 4. Bg2 Bg7 5. O-O O-O 6. c4 c6 7.
cxd5 cxd5 8. Nc3 Nc6 9. Bf4 Re8 10. Ne5 Nh5 11. Nxc6 bxc6 12. Bd2 e5 13. Rc1 Qb6 14. Na4 Qb5 15. Rc5 Qb7 16. Qc1 Bd7 17. Rc2 Qb5 18. Nc5 Bc8 19. Nb3 Bd7 20. Na5 Rac8 21. b4 Bf8 22.
Nb3 Bxb4 23. Bxb4 Qxb4 24. Nc5 Rcd8 25. Nxd7 Rxd7 26. Rxc6 Ng7 27. Qc5 Qd2 28. Bxd5 Qxe2 29. Bc4 Qf3 30. Rc8 Rdd8 31. Rxd8 Rxd8 32. Qxe5 h5 33.
Qe3 Qb7 34. Qg5 Re8 35. h4 Kh7 36. Qf6 Ne6 37. Bxe6 Rxe6 38. Qc3 Qf3 39. Re1 Rxe1+ 40. Qxe1 Qxd3 41. Qe3 Qb1+ 42. Kh2 Qxa2 43. Qe7 Qxf2+ 44. Kh3 Qf5+ 45. Kh2 a5 46. Qa7 Qd5 47. Kg1 Kg7 48.
Kh2 Qd2+ 49. Kg1 Qb4 50. Kh2 a4 51. Qe7 Qxe7 0-1